AoeStats
← 赛博指挥官

Migration

508411818Analyzed
1v1 RM · 9d ago on Sep 22, 2026· 53m 29s· 2 players
Game mode
Random Map
Map size
132×132
Population
200
Speed
Normal
Resources
Standard
Victory
Conquest
Starting age
Dark Age
Ending age
Imperial Age
RankedLock teamsTeams togetherTeam positionsShared explorationLock speedFull tech treeHidden civsTurbo modeCheats
Victory
Defeat
🇦🇹 Celts · Austria
1081
+15
🇨🇳 Byzantines · China
1057
-15
赛博指挥官
8:17 Loom
12:03 Feudal Age
13:53 Double-Bit Axe
16:16 Wheelbarrow
15:42 Gold Mining
18:26 Castle Age
16:17 Fishing Lines
17:41 Horse Collar
18:37 Wheelbarrow
18:17 Stone Mining
19:51 Bow Saw
20:08 Medium Warships
20:54 Gold Shaft Mining
20:30 Fletching
22:00 Bodkin Arrow
22:43 Heavy Plow
25:11 Hand Cart
25:41 Gillnets
27:39 Scale Barding Armor
29:30 Ballistics
28:50 Treadmill Crane
32:40 Man-at-Arms
33:05 Gambesons
36:23 Imperial Age
34:42 Chain Barding Armor
38:26 Chemistry
37:39 Careening
37:40 Clinker Construction
38:38 Hoardings
39:34 Crop Rotation
41:11 Heavy Warships
41:14 Forging
41:27 Husbandry
42:14 Conscription
45:20 Murder Holes
49:50 Plate Barding Armor
piperich
6:43 Loom
10:32 Feudal Age
11:06 Double-Bit Axe
11:43 Fishing Lines
11:53 Town Watch
12:07 Horse Collar
14:00 Man-at-Arms
17:23 Forging
17:07 Arson
21:26 Castle Age
19:59 Stone Mining
21:52 Scale Mail Armor
21:43 Fletching
22:42 Medium Warships
22:47 Husbandry
23:07 Bow Saw
23:41 Long Swordsman
24:29 Scale Barding Armor
25:52 Iron Casting
25:44 Gillnets
29:16 Gold Mining
30:14 Heavy Plow
36:49 Imperial Age
34:25 Crossbowman
36:26 Gold Shaft Mining
35:30 Pikeman
38:16 Stronghold
38:49 Conscription
39:38 Furor Celtica
40:02 Halberdier
41:24 Bodkin Arrow
44:05 Heavy Warships
47:54 Blast Furnace
48:01 Gambesons
49:08 Ballistics
49:50 Chemistry
54:05 Masonry
Connection lost

Rejoining the realm…

Still unreachable

The connection could not be restored.

Session expired

The server has moved on; the page needs a fresh start.